[Event "Wednesday Night Engine Tour 13 Rd Swiss 3m+1s Starts at 2200hrs ST"]
[Site "Infinity Chess"]
[Date "2018.1.10"]
[Round "3"]
[White "MarioDeMonti"]
[Black "Cepri"]
[Result "1/2-1/2"]
[ECO "C55"]
[WhiteElo "2508"]
[BlackElo "2485"]
[WhiteEngine "stockfish_x64_bmi2_2017_12_26_CTG"]
[BlackEngine "Raubfisch X37b_CTG"]
[EventType "Swiss"]
[WhiteTeam ""]
[BlackTeam ""]
[PlyCount "152"]
[TimeControl "180+1"]

1. e4 e5 2. Nf3 Nc6 3. Bc4 Nf6 4. d3 Bc5 5. c3 d6 6. O-O O-O 7. Bg5 h6 8. Bh4 a6 
9. Nbd2 Ba7 10. Bb3 g5 11. Bg3 Na5 12. Ba4 Nh5 13. b4 Nxg3 14. hxg3 Nc6 
15. Bxc6 bxc6 16. Nb3 Re8 17. Qd2 Rb8 18. Rfe1 Bd7 19. Rac1 Qe7 20. a3 Qe6 
21. Na5 Bb6 22. Nc4 Ba7 23. Rcd1 f6 24. Ne3 Bxe3 25. Qxe3 a5 26. Nd2 Ra8 
27. Ra1 axb4 28. cxb4 Ra4 29. d4 exd4 30. Qxd4 c5 31. Qc3 cxb4 32. axb4 Rxa1 
33. Rxa1 Qe5 34. Qc1 Qd4 35. Nf3 Qb6 36. Qc3 Kg7 37. Rc1 Rc8 38. Nd4 c5 
39. Nf5+ Bxf5 40. exf5 Qb7 41. g4 Rc7 42. Kh2 Qb8 43. Kh1 Qb6 44. Rc2 Qb7 
45. Kg1 Qe4 46. f3 Qb7 47. Kh1 Qb5 48. Kg1 Qb8 49. Kf2 Qb6 50. Kf1 Qb7 
51. bxc5 Rxc5 52. Qb2 Qa6+ 53. Kf2 Rxc2+ 54. Qxc2 Qa7+ 55. Ke2 Qd4 56. Qb3 Kf8 
57. g3 Ke7 58. Qe6+ Kd8 59. f4 Kc7 60. Kf3 Qd1+ 61. Kf2 gxf4 62. gxf4 Qxg4 
63. Qf7+ Kb6 64. Qb3+ Ka5 65. Qc3+ Ka4 66. Qa1+ Kb5 67. Qb2+ Ka4 68. Qa1+ Kb3 
69. Qb1+ Kc4 70. Qc2+ Kd4 71. Qb2+ Ke4 72. Qxf6 Qxf4+ 73. Kg2 d5 74. Qe6+ Qe5 
75. Qb6 Kxf5 76. Qxh6 Qd4 1/2-1/2

[Event "Wednesday Night Engine Tour 13 Rd Swiss 3m+1s Starts at 2200hrs ST"]
[Site "Infinity Chess"]
[Date "2018.1.10"]
[Round "3"]
[White "KillBill2017"]
[Black "BlitzMaster"]
[Result "1/2-1/2"]
[ECO "B90"]
[WhiteElo "2478"]
[BlackElo "2554"]
[WhiteEngine "Raubfisch X37b1._CTG"]
[BlackEngine "stockfish_18010422_x64_modern_CTG"]
[EventType "Swiss"]
[WhiteTeam ""]
[BlackTeam ""]
[PlyCount "98"]
[TimeControl "180+1"]

1. e4 c5 2. Nf3 d6 3. d4 cxd4 4. Nxd4 Nf6 5. Nc3 a6 6. Be3 e5 7. Nb3 Be6 
8. f3 h5 9. Qd2 Nbd7 10. Nd5 Nxd5 11. exd5 Bf5 12. Na5 Qc7 13. Rc1 Be7 
14. Bd3 Bxd3 15. cxd3 Qb8 16. d4 Bh4+ 17. g3 Bf6 18. dxe5 Nxe5 19. O-O O-O 
20. Kg2 Re8 21. Bb6 Re7 22. f4 Nd7 23. Nc4 Nxb6 24. Nxb6 Qe8 25. Rfe1 Rd8 
26. a4 g6 27. b3 Bg7 28. Rxe7 Qxe7 29. Re1 Qf6 30. a5 Qf5 31. h3 Qf6 32. Nc4 Rc8 
33. Qe2 Rc5 34. Qf3 Bh6 35. Rd1 h4 36. f5 hxg3 37. fxg6 Qxf3+ 38. Kxf3 fxg6 
39. Kxg3 Bf8 40. Rd3 Be7 41. Re3 Kf8 42. Rd3 Kf7 43. Rf3+ Kg7 44. Rd3 Kf7 
45. Rf3+ Kg7 46. Rd3 Kf6 47. Kf4 Kf7 48. Kf3 Rc8 49. Kg3 Rc5 1/2-1/2

[Event "Wednesday Night Engine Tour 13 Rd Swiss 3m+1s Starts at 2200hrs ST"]
[Site "Infinity Chess"]
[Date "2018.1.10"]
[Round "3"]
[White "KRAKEN"]
[Black "Victorious"]
[Result "1/2-1/2"]
[ECO "A05"]
[WhiteElo "2572"]
[BlackElo "2566"]
[WhiteEngine "Raubfisch X37b1._zag_CTG"]
[BlackEngine "Houdini 6"]
[EventType "Swiss"]
[WhiteTeam ""]
[BlackTeam ""]
[PlyCount "93"]
[TimeControl "180+1"]

1. Nf3 Nf6 2. c4 e6 3. d4 d5 4. Nc3 c6 5. Bg5 h6 6. Bxf6 Qxf6 7. e3 Nd7 
8. Be2 g6 9. O-O Bg7 10. cxd5 exd5 11. b4 a6 12. a4 O-O 13. b5 Qd6 14. Qb3 a5 
15. Rfc1 Rd8 16. Rab1 Nf8 17. Qd1 Bf5 18. bxc6 bxc6 19. Bd3 Bd7 20. Rb6 Rdb8 
21. Rcb1 Rxb6 22. Rxb6 Qc7 23. Qb1 Be8 24. Rb7 Qc8 25. h4 Nd7 26. e4 Nc5 
27. dxc5 Bxc3 28. exd5 cxd5 29. Qb6 Bb4 30. Rc7 Qd8 31. Nd4 Rb8 32. Nc6 Rxb6 
33. Nxd8 Rb8 34. Nc6 Bxc6 35. Rxc6 Re8 36. g4 Re1+ 37. Kg2 Kg7 38. Rc7 Kf6 
39. Bb5 Rc1 40. Be8 Bxc5 41. Rxf7+ Ke5 42. g5 hxg5 43. hxg5 Rc4 44. Kg3 Rc1 
45. Kg2 Rc4 46. Kg3 Rc1 47. Kg2 1/2-1/2

[Event "Wednesday Night Engine Tour 13 Rd Swiss 3m+1s Starts at 2200hrs ST"]
[Site "Infinity Chess"]
[Date "2018.1.10"]
[Round "3"]
[White "ocirema"]
[Black "incredible"]
[Result "1/2-1/2"]
[ECO "B12"]
[WhiteElo "2500"]
[BlackElo "2502"]
[WhiteEngine "stockfish_18010422_x64_modern_CTG"]
[BlackEngine "stockfish_18010422_x64_bmi2"]
[EventType "Swiss"]
[WhiteTeam ""]
[BlackTeam ""]
[PlyCount "101"]
[TimeControl "180+1"]

1. e4 c6 2. d4 d5 3. e5 Bf5 4. Be2 e6 5. Nf3 h6 6. O-O Bb4 7. Nbd2 Ba5 8. a4 Nd7 
9. c3 Bc7 10. Nb3 a5 11. g3 Ne7 12. Nh4 Bh7 13. Be3 O-O 14. f4 Rc8 15. Nd2 Bb6 
16. b4 axb4 17. cxb4 g5 18. Ng2 Nf5 19. Nb3 Nxe3 20. Nxe3 gxf4 21. Rxf4 Nxe5 
22. a5 Ba7 23. a6 bxa6 24. Rxa6 Qe7 25. Qd2 Ng6 26. Rf2 Bb8 27. Bh5 Qg5 
28. Ng4 Qxd2 29. Nf6+ Kg7 30. Nxd2 Rc7 31. Nb3 Ba7 32. Nxh7 Kxh7 33. Bxg6+ Kxg6 
34. Rfa2 Bb8 35. Na5 Rfc8 36. Kg2 Ba7 37. Nb3 Bb8 38. Na5 Ra7 39. Rxa7 Bxa7 
40. Rc2 Bb6 41. Nxc6 Ra8 42. b5 Ra3 43. Rb2 Kg5 44. Re2 Kf6 45. Rb2 Kg6 
46. Ne5+ Kg7 47. Nc6 Kg6 48. Ne5+ Kg7 49. Nc6 Kf6 50. Rf2+ Kg7 51. Rb2 1/2-1/2

[Event "Wednesday Night Engine Tour 13 Rd Swiss 3m+1s Starts at 2200hrs ST"]
[Site "Infinity Chess"]
[Date "2018.1.10"]
[Round "3"]
[White "Vimtiroba"]
[Black "SkyPilot"]
[Result "1/2-1/2"]
[ECO "C53"]
[WhiteElo "2507"]
[BlackElo "2563"]
[WhiteEngine "Asmfish@ Seahorse_CTG"]
[BlackEngine "stockfish_x64_bmi2_2018_01_01_CTG"]
[EventType "Swiss"]
[WhiteTeam ""]
[BlackTeam ""]
[PlyCount "127"]
[TimeControl "180+1"]

1. e4 e5 2. Nf3 Nc6 3. Bc4 Bc5 4. c3 Nf6 5. d3 d6 6. O-O O-O 7. h3 a5 8. Nbd2 h6 
9. Re1 Be6 10. Bb5 Qb8 11. Re2 Rd8 12. a4 Qa7 13. Qe1 Nh5 14. Nc4 Ne7 
15. b4 axb4 16. cxb4 Bd4 17. Nxd4 exd4 18. Na5 Ng6 19. Rc2 c6 20. Bc4 d5 
21. exd5 Bxd5 22. Nb3 Nhf4 23. Bxf4 Nxf4 24. Bxd5 Rxd5 25. Qe4 Qb8 26. Rc5 Rd8 
27. a5 Re8 28. Qf3 b6 29. Rc4 Ne2+ 30. Kh1 bxa5 31. Nxa5 c5 32. Rxc5 Qxb4 
33. Re5 Qc3 34. Rd1 Rxe5 35. Qxa8+ Kh7 36. Nc4 Qc2 37. Rf1 Re6 38. Qf3 Kg8 
39. Qa8+ Kh7 40. Qf3 Kg8 41. Ra1 Qc3 42. Rd1 Qb3 43. Rf1 Qb8 44. g3 Qa7 
45. Rb1 Nc3 46. Rb2 Rf6 47. Qg4 Qc5 48. Qd7 Qh5 49. Kh2 Nd1 50. Qe8+ Kh7 
51. Qe4+ Qg6 52. Qxg6+ Kxg6 53. Ra2 Rxf2+ 54. Rxf2 Nxf2 55. Nb2 Kf5 56. Kg2 Nxd3 
57. Nxd3 Ke4 58. Nb4 Ke3 59. Kf1 f5 60. Ke1 Kf3 61. Nc6 d3 62. Ne7 Kxg3 
63. Nxf5+ Kxh3 64. Nxg7 1/2-1/2

[Event "Wednesday Night Engine Tour 13 Rd Swiss 3m+1s Starts at 2200hrs ST"]
[Site "Infinity Chess"]
[Date "2018.1.10"]
[Round "3"]
[White "xeonrocks"]
[Black "KULLANI"]
[Result "1-0"]
[ECO "C50"]
[WhiteElo "2596"]
[BlackElo "2516"]
[WhiteEngine "asmFishW_CTG"]
[BlackEngine "BrainFish_180106_x64_CTG"]
[EventType "Swiss"]
[WhiteTeam ""]
[BlackTeam ""]
[PlyCount "253"]
[TimeControl "180+1"]

1. e4 e5 2. Nf3 Nc6 3. Bc4 Bc5 4. O-O Nf6 5. d3 d6 6. c3 a5 7. Re1 h6 
8. Nbd2 O-O 9. h3 Be6 10. a4 Ba7 11. b3 Nd7 12. Ra2 Qf6 13. Nf1 Qg6 14. g4 Rad8 
15. Ng3 Nc5 16. Nh4 Qh7 17. Nhf5 Bxc4 18. bxc4 Ne6 19. Rb2 Rb8 20. Nh5 Kh8 
21. Kg2 Bc5 22. Rb3 f6 23. d4 exd4 24. cxd4 Nexd4 25. Nhxg7 Nxb3 26. Qxb3 Bb4 
27. Re2 Nd4 28. Nxd4 Qxg7 29. Nf5 Qg6 30. Nxh6 b5 31. axb5 c6 32. Qd3 cxb5 
33. cxb5 Rbc8 34. Bf4 Qh7 35. Qd4 Qb7 36. Nf5 Rf7 37. Bxd6 Rd8 38. Re3 Kh7 
39. Rd3 Qxb5 40. Qe3 Kg8 41. Nh6+ Kg7 42. Nf5+ Kg8 43. Nh6+ Kg7 44. e5 Bxd6 
45. Nxf7 Qc6+ 46. f3 Kxf7 47. exd6 Rxd6 48. Qa7+ Kg6 49. Rxd6 Qxd6 50. Qxa5 Kg7 
51. g5 Qd4 52. gxf6+ Kxf6 53. Qe1 Qb2+ 54. Kh1 Kg6 55. Qe6+ Kh5 56. Kg1 Kg5 
57. h4+ Kh5 58. Qf5+ Kh6 59. Qg5+ Kh7 60. Qg2 Qd4+ 61. Qf2 Qd8 62. Kg2 Qd1 
63. Qe3 Qa1 64. Qg5 Qd1 65. Qf5+ Kh6 66. Qg5+ Kh7 67. Qh5+ Kg8 68. Qe8+ Kh7 
69. h5 Qd2+ 70. Kh3 Qd1 71. Qf7+ Kh8 72. Qf8+ Kh7 73. Qf7+ Kh8 74. Qf6+ Kh7 
75. Qf5+ Kg7 76. Qe5+ Kh6 77. Qh8+ Kg5 78. f4+ Kxf4 79. Qf6+ Ke4 80. h6 Qh1+ 
81. Kg3 Qg1+ 82. Kh4 Qh2+ 83. Kg4 Qg1+ 84. Kh5 Qd1+ 85. Kg6 Qg1+ 86. Kf7 Qh2 
87. Kg7 Qc7+ 88. Kg6 Qg3+ 89. Qg5 Qd6+ 90. Qf6 Qg3+ 91. Kh5 Qc7 92. Qg5 Kd3 
93. Qf5+ Kd2 94. h7 Qh2+ 95. Kg6 Qd6+ 96. Kf7 Qc7+ 97. Ke8 Qb8+ 98. Ke7 Qb4+ 
99. Kf7 Qb7+ 100. Kf6 Qb6+ 101. Qe6 Qf2+ 102. Kg7 Qa7+ 103. Kg6 Qd4 104. Kf7 Kd1 
105. Qf5 Qa7+ 106. Kg6 Qg1+ 107. Qg5 Qb6+ 108. Kh5 Qb8 109. Qg4+ Kc1 
110. Qc4+ Kb1 111. Qd3+ Ka2 112. Qc2+ Ka1 113. Qc3+ Ka2 114. h8=Q Qh2+ 
115. Kg4 Qg1+ 116. Qg3 Qd1+ 117. Qf3 Qd7+ 118. Kg3 Qd6+ 119. Qf4 Qa3+ 
120. Kg4 Qb4 121. Qhb8 Qxb8 122. Qxb8 Ka1 123. Kf3 Ka2 124. Ke3 Ka1 125. Kd3 Ka2 
126. Kc3 Ka1 127. Qb2# 1-0

[Event "Wednesday Night Engine Tour 13 Rd Swiss 3m+1s Starts at 2200hrs ST"]
[Site "Infinity Chess"]
[Date "2018.1.10"]
[Round "2"]
[White "KillBill2017"]
[Black "koalachess"]
[Result "1-0"]
[ECO "C11"]
[WhiteElo "2468"]
[BlackElo "2324"]
[WhiteEngine "Raubfisch X37b1._CTG"]
[BlackEngine "asmFishW_2017-11-19_popcnt_CTG"]
[EventType "Swiss"]
[WhiteTeam ""]
[BlackTeam ""]
[PlyCount "133"]
[TimeControl "180+1"]

1. e4 e6 2. d4 d5 3. Nc3 Nf6 4. e5 Nfd7 5. f4 c5 6. Nf3 Nc6 7. Be3 Qb6 
8. Na4 Qa5+ 9. c3 c4 10. b4 Qc7 11. Be2 b5 12. Nc5 Nxc5 13. bxc5 Rb8 14. a3 a5 
15. Bd2 b4 16. axb4 axb4 17. cxb4 Nxb4 18. h4 h5 19. Ng5 Nc6 20. Bc3 Rb3 
21. Qd2 Bd7 22. Bd1 Rb8 23. g3 Na7 24. f5 exf5 25. Bf3 Be6 26. Ra6 Nc6 
27. Nxe6 fxe6 28. Qg5 Qc8 29. Qg6+ Kd8 30. Ba5+ Nxa5 31. Rxa5 Qb7 32. O-O Rh6 
33. Qg5+ Kc8 34. Kh1 Qe7 35. Bxd5 c3 36. Ra6 c2 37. Qf4 exd5 38. Qxf5+ Kd8 
39. Rd6+ Rxd6 40. cxd6 Qe8 41. Qxc2 Rc8 42. Qb3 Bxd6 43. exd6 Qc6 44. Qe3 Qxd6 
45. Qg5+ Ke8 46. Qxh5+ Kd7 47. Qg4+ Qe6 48. Qxg7+ Kd6 49. Rf6 Rc1+ 50. Kg2 Ra1 
51. Rxe6+ Kxe6 52. Qe5+ Kf7 53. Qxd5+ Ke7 54. h5 Kf6 55. Qg8 Ke7 56. h6 Re1 
57. h7 Re2+ 58. Kh3 Re1 59. Kg4 Rh1 60. Qg5+ Kd6 61. Qc5+ Kd7 62. Qd5+ Kc7 
63. Qxh1 Kb6 64. h8=Q Kb5 65. Qc1 Ka4 66. Qb8 Ka5 67. Qa1# 1-0

[Event "Wednesday Night Engine Tour 13 Rd Swiss 3m+1s Starts at 2200hrs ST"]
[Site "Infinity Chess"]
[Date "2018.1.10"]
[Round "2"]
[White "MGR"]
[Black "CrossingJordan"]
[Result "1/2-1/2"]
[ECO "D31"]
[WhiteElo "2504"]
[BlackElo "2481"]
[WhiteEngine "asmFishW_2017-11-19_bmi2"]
[BlackEngine "asmFishW_2017-12-20_bmi2_CTG"]
[EventType "Swiss"]
[WhiteTeam ""]
[BlackTeam ""]
[PlyCount "102"]
[TimeControl "180+1"]

1. d4 d5 2. c4 e6 3. Nc3 c6 4. e4 dxe4 5. Nxe4 Bb4+ 6. Bd2 Qxd4 7. Bxb4 Qxe4+ 
8. Be2 Na6 9. Ba5 b6 10. Qd6 Bd7 11. Bc3 f6 12. Nf3 Nh6 13. Rd1 Rd8 14. Qa3 Bc8 
15. Nd2 Qf4 16. Bh5+ Nf7 17. O-O c5 18. Qa4+ Ke7 19. Rfe1 Ng5 20. Re3 Rd6 
21. Rde1 Rhd8 22. Nf3 Kf8 23. a3 Nf7 24. h3 Rd3 25. Rxd3 Rxd3 26. Qc2 Qxc4 
27. Nd2 Qd5 28. Be2 Bb7 29. f3 Rd4 30. Bxd4 Qxd4+ 31. Kh1 Nc7 32. Nc4 Bd5 
33. Rd1 Qf2 34. Rf1 Qd4 35. Rd1 Qf4 36. a4 h6 37. b3 Nd6 38. Nxd6 Qxd6 
39. Bc4 Kf7 40. Qd2 Qg3 41. a5 Qd6 42. f4 f5 43. Kh2 b5 44. Be2 g5 45. g3 gxf4 
46. gxf4 Ke7 47. Qe3 Kd7 48. Rg1 Be4 49. Rd1 Bd5 50. Rg1 Be4 51. Rd1 Bd5 1/2-1/2

[Event "Wednesday Night Engine Tour 13 Rd Swiss 3m+1s Starts at 2200hrs ST"]
[Site "Infinity Chess"]
[Date "2018.1.10"]
[Round "2"]
[White "Victorious"]
[Black "Dovahkiin"]
[Result "1-0"]
[ECO "B90"]
[WhiteElo "2554"]
[BlackElo "2449"]
[WhiteEngine "Houdini 6"]
[BlackEngine "BrainFish_180106_x64_modern_CTG"]
[EventType "Swiss"]
[WhiteTeam ""]
[BlackTeam ""]
[PlyCount "119"]
[TimeControl "180+1"]

1. e4 c5 2. Nf3 d6 3. d4 cxd4 4. Nxd4 Nf6 5. Nc3 a6 6. Be3 e5 7. Nb3 Be6 
8. f3 h5 9. a4 Be7 10. Be2 Nbd7 11. O-O Nb6 12. a5 Nc4 13. Bxc4 Bxc4 14. Re1 Rc8 
15. Nd2 Be6 16. Bb6 Qd7 17. Nf1 h4 18. Ne3 Qc6 19. Kh1 h3 20. g4 g6 21. Qd2 Kf8 
22. Re2 Qe8 23. Rg1 Qd7 24. Rf2 Rh4 25. Rff1 Qc6 26. Rc1 Re8 27. Ncd5 Bxd5 
28. exd5 Qd7 29. c4 Nh7 30. c5 dxc5 31. Rgd1 Ng5 32. d6 Bd8 33. Qd5 Ne6 
34. Qxe5 Bg5 35. Rc4 Rh6 36. Nd5 Bh4 37. Re4 Rh7 38. b3 Qb5 39. Qc3 Qd7 
40. Rd3 Rb8 41. Bc7 Re8 42. Nb6 Qb5 43. d7 Rd8 44. Bxd8 Bxd8 45. Nc4 Qb4 
46. Qe5 Qb5 47. Qd6+ Kg7 48. Rxe6 fxe6 49. Qxe6 Qc6 50. Nd6 Rh8 51. Qf7+ Kh6 
52. Ne8 Kg5 53. Rd5+ Qxd5 54. Qxd5+ Kh6 55. Qf7 Kg5 56. Ng7 Rh5 57. Ne6+ Kh4 
58. Qxg6 Rd5 59. Qh6+ Rh5 60. Qxh5# 1-0

[Event "Wednesday Night Engine Tour 13 Rd Swiss 3m+1s Starts at 2200hrs ST"]
[Site "Infinity Chess"]
[Date "2018.1.10"]
[Round "2"]
[White "RonWeasley"]
[Black "Cepri"]
[Result "1/2-1/2"]
[ECO "A00"]
[WhiteElo "2477"]
[BlackElo "2485"]
[WhiteEngine "BrainFish 060118_CTG"]
[BlackEngine "Raubfisch X37b_CTG"]
[EventType "Swiss"]
[WhiteTeam ""]
[BlackTeam ""]
[PlyCount "54"]
[TimeControl "180+1"]

1. a3 e5 2. e3 d5 3. d4 Nc6 4. dxe5 Nxe5 5. Nd2 Bd6 6. c4 Qe7 7. cxd5 Nf6 
8. Nc4 Nxc4 9. Bxc4 O-O 10. Nf3 Bf5 11. Bd2 Rad8 12. Qb3 a6 13. Bc3 b5 
14. Be2 Be4 15. Rd1 Bc5 16. Bxf6 Qxf6 17. O-O Rd6 18. a4 Qf5 19. Qc3 Rg6 
20. Qxc5 Rxg2+ 21. Kxg2 Qg4+ 22. Kh1 Bxf3+ 23. Bxf3 Qxf3+ 24. Kg1 Qg4+ 
25. Kh1 Qf3+ 26. Kg1 Qg4+ 27. Kh1 Qf3+ 1/2-1/2

[Event "Wednesday Night Engine Tour 13 Rd Swiss 3m+1s Starts at 2200hrs ST"]
[Site "Infinity Chess"]
[Date "2018.1.10"]
[Round "2"]
[White "KULLANI"]
[Black "MiKachomiKa QueeN"]
[Result "1-0"]
[ECO "C50"]
[WhiteElo "2500"]
[BlackElo "2489"]
[WhiteEngine "BrainFish_180106_x64_CTG"]
[BlackEngine "stockfish_18010422_x64_modern_CTG"]
[EventType "Swiss"]
[WhiteTeam ""]
[BlackTeam ""]
[PlyCount "111"]
[TimeControl "180+1"]

1. e4 e5 2. Nf3 Nc6 3. Bc4 Bc5 4. O-O Nf6 5. d3 d6 6. c3 O-O 7. Bg5 h6 8. Bh4 g5 
9. Bg3 a6 10. Re1 g4 11. Bh4 gxf3 12. Qxf3 Kg7 13. Nd2 Be6 14. Qg3+ Kh7 
15. Qf3 Kg7 16. Bd5 Nb8 17. Bxb7 Ra7 18. Bd5 c6 19. d4 exd4 20. b4 Bb6 
21. e5 dxe5 22. Ne4 Qxd5 23. Bxf6+ Kh7 24. c4 Qxc4 25. Ng5+ Kg6 26. h4 Bf5 
27. Rxe5 Qd3 28. h5+ Kxf6 29. Rxf5+ Qxf5 30. Nh7+ Kg7 31. Qxf5 Re8 32. Rd1 Rae7 
33. Rd3 Bc7 34. f4 Bxf4 35. Qxf4 Kxh7 36. Rxd4 Kg7 37. Rd3 Nd7 38. Rd6 Re1+ 
39. Kf2 R1e6 40. Qg4+ Kf8 41. Rxd7 R8e7 42. Rd3 Re2+ 43. Qxe2 Rxe2+ 44. Kxe2 Ke7 
45. g4 Kf6 46. Rd6+ Ke5 47. Rxc6 Kd5 48. Rxh6 Kc4 49. Rf6 a5 50. h6 Kc3 
51. h7 Kb2 52. h8=Q a4 53. Rxf7+ Kb1 54. Qc3 a3 55. Rf1+ Kxa2 56. Ra1# 1-0

[Event "Wednesday Night Engine Tour 13 Rd Swiss 3m+1s Starts at 2200hrs ST"]
[Site "Infinity Chess"]
[Date "2018.1.10"]
[Round "2"]
[White "BlitzMaster"]
[Black "MarioDeMonti"]
[Result "1/2-1/2"]
[ECO "B90"]
[WhiteElo "2556"]
[BlackElo "2506"]
[WhiteEngine "stockfish_18010422_x64_modern_CTG"]
[BlackEngine "stockfish_x64_bmi2_2017_12_26_CTG"]
[EventType "Swiss"]
[WhiteTeam ""]
[BlackTeam ""]
[PlyCount "98"]
[TimeControl "180+1"]

1. e4 c5 2. Nf3 d6 3. d4 cxd4 4. Nxd4 Nf6 5. Nc3 a6 6. Be3 e5 7. Nb3 Be6 
8. f3 h5 9. Be2 Nbd7 10. Nd5 Bxd5 11. exd5 g6 12. Qd2 Bg7 13. O-O b6 14. h3 O-O 
15. Rfc1 Nh7 16. c3 f5 17. a4 Rf7 18. Bd3 Nhf6 19. Re1 Qc7 20. Bc2 Raf8 
21. Nc1 e4 22. f4 Rc8 23. Ne2 Nc5 24. Rab1 b5 25. axb5 axb5 26. Red1 Qb7 
27. Ra1 b4 28. cxb4 Nd3 29. Bxd3 exd3 30. Qxd3 Qxb4 31. Ra6 Rb7 32. Bd4 Re8 
33. Kh2 Ne4 34. Rc6 Bh6 35. Qc2 Kf7 36. Rc4 Qb5 37. b3 h4 38. Rd3 Rbe7 
39. Bg1 Qb7 40. b4 Qb5 41. Rd1 Kg8 42. Qb3 Kf8 43. Bd4 Kg8 44. Bg1 Kf8 
45. Rd3 Kg8 46. Kh1 Bg7 47. Kh2 Bh6 48. Kh1 Bg7 49. Kh2 Bh6 1/2-1/2

[Event "Wednesday Night Engine Tour 13 Rd Swiss 3m+1s Starts at 2200hrs ST"]
[Site "Infinity Chess"]
[Date "2018.1.10"]
[Round "2"]
[White "KRAKEN"]
[Black "ocirema"]
[Result "1/2-1/2"]
[ECO "A05"]
[WhiteElo "2575"]
[BlackElo "2497"]
[WhiteEngine "Raubfisch X37b1._zag_CTG"]
[BlackEngine "stockfish_18010422_x64_modern_CTG"]
[EventType "Swiss"]
[WhiteTeam ""]
[BlackTeam ""]
[PlyCount "99"]
[TimeControl "180+1"]

1. Nf3 Nf6 2. c4 e6 3. d4 d5 4. Nc3 Be7 5. Bf4 O-O 6. e3 Nbd7 7. c5 Nh5 
8. b4 Nxf4 9. exf4 c6 10. Bd3 b6 11. O-O a5 12. a3 Ba6 13. g3 Bc4 14. Qc2 Bxd3 
15. Qxd3 Ra7 16. Rfc1 Qa8 17. Qd1 Qb7 18. Rcb1 Rfa8 19. Kg2 g6 20. h4 h5 
21. Na4 b5 22. Nc3 Bd8 23. bxa5 Rxa5 24. a4 Qa7 25. Rb2 bxa4 26. Ra3 Rb8 
27. Rba2 Rb4 28. Qa1 Qb7 29. Rxa4 Rbxa4 30. Rxa4 Qa6 31. Rxa5 Qxa5 32. Qb2 Bf6 
33. Nd1 Qa6 34. Ne5 Nxe5 35. fxe5 Be7 36. Qc2 Bd8 37. Qb3 Ba5 38. Qa3 Qe2 
39. Qxa5 Qxd1 40. Qc3 Kg7 41. Qe3 Kg8 42. Qf4 Qe2 43. Qf3 Qe1 44. Kh2 Qd2 
45. Qe3 Qc2 46. Kh3 Qf5+ 47. Kg2 Qc2 48. Kh3 Qf5+ 49. Kg2 Qc2 50. Kh3 1/2-1/2

[Event "Wednesday Night Engine Tour 13 Rd Swiss 3m+1s Starts at 2200hrs ST"]
[Site "Infinity Chess"]
[Date "2018.1.10"]
[Round "2"]
[White "incredible"]
[Black "Vimtiroba"]
[Result "1/2-1/2"]
[ECO "C77"]
[WhiteElo "2502"]
[BlackElo "2507"]
[WhiteEngine "stockfish_18010422_x64_bmi2"]
[BlackEngine "Asmfish@ Seahorse_CTG"]
[EventType "Swiss"]
[WhiteTeam ""]
[BlackTeam ""]
[PlyCount "95"]
[TimeControl "180+1"]

1. e4 e5 2. Nf3 Nc6 3. Bb5 a6 4. Ba4 Nf6 5. O-O Be7 6. Nc3 b5 7. Bb3 d6 
8. d3 O-O 9. h3 Na5 10. Ne2 Re8 11. Ng3 Nxb3 12. axb3 Bb7 13. Nf5 Bf8 14. Bg5 d5 
15. exd5 Qd7 16. Nh6+ gxh6 17. Bxf6 Qd6 18. Bh4 Qxd5 19. c4 bxc4 20. bxc4 Qd6 
21. Bg3 f5 22. d4 f4 23. Bh4 exd4 24. Nxd4 Qg6 25. f3 Re3 26. Ne2 Rxf3 
27. Rxf3 Bxf3 28. Nxf4 Bxd1 29. Nxg6 hxg6 30. Rxd1 a5 31. Rd7 c5 32. Bf2 a4 
33. Rb7 a3 34. bxa3 Rxa3 35. Rb8 Ra1+ 36. Kh2 Kf7 37. Rb7+ Kf6 38. Rb6+ Kf7 
39. Rc6 Rc1 40. Bxc5 Rxc4 41. Bxf8 Rxc6 42. Bxh6 Rc2 43. h4 g5 44. Kh3 Kg6 
45. hxg5 Rb2 46. g4 Rb1 47. Kg2 Ra1 48. Kg3 1/2-1/2

[Event "Wednesday Night Engine Tour 13 Rd Swiss 3m+1s Starts at 2200hrs ST"]
[Site "Infinity Chess"]
[Date "2018.1.10"]
[Round "2"]
[White "SkyPilot"]
[Black "xeonrocks"]
[Result "1/2-1/2"]
[ECO "D31"]
[WhiteElo "2562"]
[BlackElo "2597"]
[WhiteEngine "stockfish_x64_bmi2_2018_01_01_CTG"]
[BlackEngine "asmFishW_CTG"]
[EventType "Swiss"]
[WhiteTeam ""]
[BlackTeam ""]
[PlyCount "113"]
[TimeControl "180+1"]

1. d4 d5 2. c4 e6 3. Nc3 c6 4. e4 dxe4 5. Nxe4 Bb4+ 6. Bd2 Qxd4 7. Bxb4 Qxe4+ 
8. Be2 Na6 9. Ba5 b6 10. Qd6 Bd7 11. Bc3 f6 12. Nf3 Nh6 13. Rd1 Rd8 14. Qa3 Bc8 
15. Nd2 Qf4 16. Bh5+ Nf7 17. O-O c5 18. Qa4+ Ke7 19. Rfe1 Ng5 20. Re3 Rd6 
21. Rde1 Rhd8 22. Nf3 Kf8 23. a3 Nf7 24. h3 g6 25. Bxg6 hxg6 26. Re4 Qf5 
27. Nh4 Qh5 28. Bxf6 R8d7 29. Rg4 g5 30. Nf3 Bb7 31. Nxg5 Nxg5 32. Bxg5 Rd4 
33. Bf4 Qf5 34. Re5 Qd3 35. Kh2 Qd1 36. Qxd1 Rxd1 37. f3 Nc7 38. Rh5 R1d4 
39. Kg3 e5 40. Bxe5 Rxg4+ 41. hxg4 Ba6 42. b3 Ne6 43. g5 Rd3 44. g6 Rxb3 
45. Bf6 Ke8 46. Rh7 Bxc4 47. Re7+ Kf8 48. Rf7+ Ke8 49. Re7+ Kf8 50. Rf7+ Ke8 
51. Rxa7 Rd3 52. a4 Rd6 53. Re7+ Kf8 54. Rh7 Ke8 55. Re7+ Kf8 56. Rf7+ Ke8 
57. Re7+ 1/2-1/2

[Event "Wednesday Night Engine Tour 13 Rd Swiss 3m+1s Starts at 2200hrs ST"]
[Site "Infinity Chess"]
[Date "2018.1.10"]
[Round "1"]
[White "Vimtiroba"]
[Black "koalachess"]
[Result "1-0"]
[ECO "C00"]
[WhiteElo "2498"]
[BlackElo "2333"]
[WhiteEngine "Asmfish@ Seahorse_CTG"]
[BlackEngine "asmFishW_2017-11-19_popcnt_CTG"]
[EventType "Swiss"]
[WhiteTeam ""]
[BlackTeam ""]
[PlyCount "193"]
[TimeControl "180+1"]

1. e4 e6 2. Nc3 d5 3. d4 Nf6 4. e5 Nfd7 5. f4 c5 6. Nf3 Nc6 7. Be3 Qb6 
8. Na4 Qa5+ 9. c3 c4 10. b4 Qc7 11. Be2 b5 12. Nc5 Nxc5 13. bxc5 Rb8 14. a3 a5 
15. O-O b4 16. cxb4 axb4 17. axb4 Rxb4 18. Qe1 g6 19. Bd1 Rb7 20. Bc2 Bg7 
21. Bd2 Bd7 22. Ra8+ Rb8 23. Rxb8+ Qxb8 24. Qa1 O-O 25. Rb1 Qc7 26. h3 Rb8 
27. Rxb8+ Qxb8 28. g4 h6 29. Kf2 Kf8 30. Bc3 Ke8 31. h4 Bf8 32. Qc1 Na7 
33. h5 gxh5 34. gxh5 Bg7 35. Qg1 Kf8 36. Qa1 Nc6 37. Qa6 Qa7 38. Qxa7 Nxa7 
39. Ke3 Ke8 40. Ba5 Nb5 41. Be1 Kd8 42. Bh4+ Ke8 43. Ba4 Nc3 44. Bc2 Nb5 
45. Nh2 Na3 46. Bd1 Bb5 47. Be1 Bc6 48. Ng4 Ke7 49. Bh4+ Ke8 50. Be1 Ke7 
51. Bh4+ Ke8 52. Bf2 Kd7 53. Kd2 Nb1+ 54. Ke1 Na3 55. Be3 Nb5 56. Kd2 Ke7 
57. Bf2 Kd8 58. Bc2 Bd7 59. Nf6 Bc6 60. Ke3 Na3 61. Bh7 Bxf6 62. exf6 Bd7 
63. Kd2 Nb5 64. Be3 Ke8 65. Bf2 Bc8 66. Bc2 Bd7 67. Be3 Na3 68. Bd1 Nb1+ 
69. Kc1 Nc3 70. Bf3 Kf8 71. Kc2 Nb5 72. f5 Bc6 73. Bg4 exf5 74. Bxf5 Kg8 
75. Kd2 Be8 76. Bc8 Na7 77. Bg4 Nb5 78. Bf5 Bc6 79. Ke2 Nc7 80. Bxh6 Ne6 
81. Bxe6 fxe6 82. Bf4 Bb5 83. Kd2 c3+ 84. Kxc3 Be2 85. h6 e5 86. Bxe5 Bh5 
87. c6 Bf7 88. c7 Be6 89. f7+ Kxf7 90. h7 Kg6 91. h8=Q Kg5 92. Qf6+ Kg4 
93. Qxe6+ Kf3 94. c8=Q Ke2 95. Qea6+ Kf3 96. Qh3+ Ke4 97. Qe2# 1-0

[Event "Wednesday Night Engine Tour 13 Rd Swiss 3m+1s Starts at 2200hrs ST"]
[Site "Infinity Chess"]
[Date "2018.1.10"]
[Round "1"]
[White "Dovahkiin"]
[Black "KULLANI"]
[Result "1/2-1/2"]
[ECO "D30"]
[WhiteElo "2447"]
[BlackElo "2502"]
[WhiteEngine "BrainFish_180106_x64_modern_CTG"]
[BlackEngine "BrainFish_180106_x64_CTG"]
[EventType "Swiss"]
[WhiteTeam ""]
[BlackTeam ""]
[PlyCount "129"]
[TimeControl "180+1"]

1. d4 d5 2. c4 e6 3. Nf3 Nf6 4. e3 Be7 5. Nc3 O-O 6. a3 b6 7. cxd5 exd5 
8. b4 Nbd7 9. Be2 Bb7 10. O-O c6 11. Bb2 Re8 12. Qc2 Bd6 13. Nd2 Qe7 14. h3 a6 
15. Bf3 c5 16. dxc5 bxc5 17. bxc5 Nxc5 18. Na4 Ncd7 19. Rfc1 Rac8 20. Qd1 Rxc1 
21. Rxc1 Bxa3 22. Qb3 Bxb2 23. Nxb2 Ne5 24. Nd3 Nxd3 25. Qxd3 h6 26. Rd1 Rb8 
27. Nb3 Bc8 28. Ra1 Qd6 29. Nd4 Rb4 30. Rc1 Bb7 31. Nf5 Qe5 32. Qa3 Rb6 
33. Qa5 Nd7 34. Nd4 Qd6 35. Qc3 g6 36. Qc7 Qxc7 37. Rxc7 Ne5 38. Be2 h5 
39. Kh2 h4 40. Rc5 Kf8 41. g3 hxg3+ 42. Kxg3 Ke7 43. h4 Kd6 44. Rc3 Nc6 
45. Ra3 Nxd4 46. exd4 Rb4 47. Bxa6 Bxa6 48. Rxa6+ Ke7 49. h5 gxh5 50. Rh6 Rxd4 
51. Rxh5 Kd6 52. Rh7 Ke6 53. Rh8 Ra4 54. Rd8 Rc4 55. Rf8 Ke7 56. Rh8 Re4 
57. f4 Re3+ 58. Kf2 Ra3 59. Rh5 Ra5 60. Re5+ Kd6 61. Rf5 Ra8 62. Rxf7 d4 
63. Ke2 Ra3 64. Rf5 Re3+ 65. Kd2 1/2-1/2